 Dungeon Crawl Stone Soup version 0.31.0-32-g396128a36d (webtiles) character file.

Game seed: 1802125034721466593

1809 PaiMei the Zephyrmancer (level 9, -6/54 HPs)
             Began as a Tengu Air Elementalist on Mar 15, 2024.
             Mangled by a gargoyle
             ... wielding a +0 mace
              (15 damage)
             ... on level 6 of the Dungeon.
             The game lasted 00:14:54 (6949 turns).

PaiMei the Zephyrmancer (Tengu Air Elementalist)    Turns: 6949, Time: 00:14:54

Health: -6/54      AC:  6    Str: 12    XL:     9   Next: 10%
Magic:  14/18      EV: 23    Int: 19    God:
Gold:   369        SH:  0    Dex: 16    Spells: 16/19 levels left

rFire   . . .        j - +6 spear "Atusmaus" {venom, Str+4}
rCold   . . .        (no shield)
rNeg    + . .        r - +3 leather armour
rPois   .            (helmet restricted)
rElec   .            (no cloak)
rCorr   .            (no gloves)
SInv    .            (boots unavailable)
Will    .....        (no amulet)
Stlth   ++           s - +5 ring of evasion
HPRegen 0.29/turn    x - ring of positive energy
MPRegen 0.16/turn

%: acrobat
@: flying, hasted, very quick
A: beak, talons 3, evasive flight, acrobatic
a: no special abilities


You were on level 6 of the Dungeon.
You visited 1 branch of the dungeon, and saw 7 of its levels.

You collected 369 gold pieces.

Inventory:

Hand Weapons
 j - the +6 spear "Atusmaus" (weapon) {venom, Str+4}
   (You found it on level 3 of the Dungeon)

   Str+4:     It affects your strength (+4).
Missiles
 q - 17 poisoned darts (quivered)
Armour
 r - a +3 leather armour (worn)
Jewellery
 s - a +5 ring of evasion (left hand)
 x - a ring of positive energy (right hand)
 B - a +6 ring of intelligence
 C - a ring of resist corrosion
Scrolls
 c - 3 scrolls of identify
 f - a scroll of teleportation {unknown}
 h - 2 scrolls of blinking
 i - a scroll of poison {unknown}
 m - a scroll of enchant weapon {unknown}
 n - 2 scrolls of noise
 p - 2 scrolls of torment
 t - a scroll of revelation {unknown}
 u - a scroll of amnesia {unknown}
 v - a scroll of fog {unknown}
 w - a scroll of enchant armour {unknown}
 y - 2 scrolls of immolation {unknown}
Potions
 a - a potion of attraction {unknown}
 b - a potion of magic
 d - a potion of degeneration {unknown}
 e - a potion of cancellation {unknown}
 g - 2 potions of brilliance
 k - a potion of enlightenment {unknown}
 l - a potion of mutation {unknown}
 o - 3 potions of haste
 z - a potion of curing {unknown}
 A - a potion of heal wounds {unknown}


   Skills:
 + Level 5.4 Fighting
 + Level 6.5 Dodging
 - Level 2.1 Stealth
 + Level 5.5 Spellcasting
 - Level 1.7 Conjurations
 + Level 8.5 Air Magic


You had 16 spell levels left.
You knew the following spells:

 Your Spells              Type           Power      Damage    Failure   Level
a - Shock                 Conj/Air       96%        1d9       1%          1
b - Static Discharge      Conj/Air       48%        3-5/arc   2%          2

Your spell library contained the following spells:

 Spells                   Type           Power      Damage    Failure   Level
 Swiftness                Air            37%        N/A       1%          3
 Airstrike                Air            18%        2d(3-19)  4%          4


Dungeon Overview and Level Annotations

Branches:
Dungeon (7/15)
 Temple: D:4-7

Altars:
Wu Jian
Zin

Annotations:
D:7 1 transporter


Innate Abilities, Weirdness & Mutations

You have a beak for a mouth.
You have claws for feet.
Your magical flight helps you evade attacks. (EV +4)
You can magically evade attacks while moving or waiting.


Message History

You peck the gargoyle, but do no damage.
The gargoyle is moderately damaged.
The gargoyle hurls a stone arrow at you.
The stone arrow misses you.
Casting: Shock (safe; 1% risk of failure)
Confirm with . or Enter, or press ? or * to list all spells.
The gargoyle is struck by an arc of lightning.
The gargoyle resists.
The gargoyle is moderately damaged.
You are struck by an arc of lightning.
The gargoyle hits you with a +0 mace!
* * * LOW HITPOINT WARNING * * *
Throw: 17 darts (poison)
Press: ? - help, Q - select action, (/) - cycle Shift-Dir - straight line, f - gargoyle
Aim: a gargoyle, wielding a +0 mace (moderately damaged, 74% to hit)
Okay, then.
You hit the gargoyle but do no damage.
You peck the gargoyle, but do no damage.
The gargoyle is moderately damaged.
The gargoyle completely misses you.
You hit the gargoyle but do no damage. Your kick misses the gargoyle.
The gargoyle is moderately damaged.
The gargoyle closely misses you.
You puncture the gargoyle!
You claw the gargoyle, but do no damage.
The gargoyle is heavily damaged.
The gargoyle hurls a stone arrow at you.
The stone arrow misses you.
You hit the gargoyle but do no damage.
The gargoyle is heavily damaged.
The gargoyle closely misses you.
You hit the gargoyle but do no damage.
The gargoyle is heavily damaged.
The gargoyle hits you with a +0 mace!
* * * LOW HITPOINT WARNING * * *
You hit the gargoyle but do no damage. You claw the gargoyle.
The gargoyle is severely damaged.
The gargoyle hurls a stone arrow at you.
The stone arrow misses you. The gargoyle misses you.
You feel yourself speed up. The gargoyle hits you with a +0 mace!
You die...

###### ##########....#
##########
.........#.##.###........#
.......#.#..#.#......##.##
....##.#.#.##.#........[<#
'#...#.#...>#.#....#.#####
.......###..#.#......#
##.#.#####....####.###
#.#.# #...#....@9.#
##.#.###.#####.#####
##.....#.#####>#
#####..#....##.# #
###....##.##.# #
#...#.†...##.#### #
#.##...#####....# #
#.....#....####†# #
####.##.##.####.#


You could see a gargoyle.

Vanquished Creatures
  An ice beast (D:7)
  A black bear (D:6)
  3 ogres
  2 centaurs (D:7)
  4 phantoms
  2 bullfrogs
  A howler monkey (D:4)
  2 bombardier beetles (D:5)
  6 hounds
  2 gnoll boudas
  2 jellies
  2 iguanas
  3 orc wizards
  7 adders
  4 gnolls (D:5)
  A shadow imp (D:6)
  4 ufetubi
  4 dart slugs
  2 ribbon worms
  18 orcs
  16 ball pythons
  10 bats
  6 endoplasms
  4 giant cockroaches
  4 goblins
  7 hobgoblins
  7 jackals (D:3)
  7 quokkas
  2 frilled lizards (D:1)
  6 kobolds
  4 rats
144 creatures vanquished.

Notes
Turn   | Place    | Note
-------+----------+-------------------------------------------
     0 | D:1      | PaiMei the Tengu Air Elementalist began the quest for the
                  | Orb.
     0 | D:1      | Reached XP level 1. HP: 10/10 MP: 4/4
   143 | D:1      | Reached XP level 2. HP: 15/15 MP: 4/6
   479 | D:1      | Found a faded altar of an unknown god.
   850 | D:1      | Reached XP level 3. HP: 20/20 MP: 5/7
   922 | D:1      | Learned a level 2 spell: Static Discharge
  1187 | D:2      | Found an ornate altar of the Wu Jian Council.
  1236 | D:2      | Reached skill level 1 in Fighting
  1885 | D:2      | Reached XP level 4. HP: 25/25 MP: 6/8
  2047 | D:3      | Identified the +6 spear "Atusmaus" {venom, Str+4}
  2332 | D:3      | Noticed a phantom
  2357 | D:3      | Killed a phantom
  2358 | D:3      | Reached skill level 5 in Air Magic
  2358 | D:3      | Reached XP level 5. HP: 16/30 MP: 3/10
  3516 | D:4      | Noticed an ogre
  3524 | D:4      | Reached XP level 6. HP: 29/36 MP: 4/11
  4631 | D:5      | Entered Level 5 of the Dungeon
  4683 | D:5      | Reached skill level 6 in Air Magic
  4725 | D:5      | Gained mutation: Your magical flight helps you evade
                  | attacks. (EV +4) [Tengu growth]
  4725 | D:5      | Reached XP level 7. HP: 28/41 MP: 7/13
  5007 | D:5      | Reached skill level 5 in Dodging
  5381 | D:5      | Reached XP level 8. HP: 38/48 MP: 15/15
  5463 | D:5      | Identified the +0 leather armour of Broken Taboos {*Slow
                  | rElec Will- Str+7}
  5569 | D:5      | Identified the +9 sling of Hospitality {flame, rPois rF+
                  | rN+ Will-}
  5627 | D:5      | Reached skill level 7 in Air Magic
  6058 | D:6      | Reached skill level 5 in Spellcasting
  6548 | D:7      | Reached skill level 5 in Fighting
  6548 | D:7      | Reached skill level 8 in Air Magic
  6566 | D:7      | Reached XP level 9. HP: 35/54 MP: 16/18
  6683 | D:7      | Found a transporter.
  6683 | D:7      | Noticed a moth of wrath
  6787 | D:7      | Found a glowing silver altar of Zin.
  6827 | D:7      | Noticed a gargoyle
  6949 | D:6      | Mangled by a gargoyle

Illustrated notes

Levels and vault maps discovered:
D:1:      zelgadis_glass_arrival_small, layout_basic,
          ebering_ecumenical_altar_petrified, hangedman_feature_mirror,
          minmay_misc_feat_rugged, st_stairs_13
D:2:      minmay_chambers_of_ones, layout_loops_ring, basic_altar,
          item_on_display_a
D:3:      layout_basic, minmay_stone_trees_small
D:4:      layout_cave_pods, nicolae_elevator_lobby_plus
D:5:      layout_loops_ring, saegor_snake_ambush
D:6:      layout_basic
D:7:      nzn_winding_woodlands_stair_cross
          [nzn_winding_woodlands_5x15_longhouse,
          nzn_winding_woodlands_center_garden,
          nzn_winding_woodlands_5x15_zeroes, nzn_winding_woodlands_5x5_three,
          nzn_winding_woodlands_5x5_closed_star,
          nzn_winding_woodlands_5x15_river_crossing,
          nzn_winding_woodlands_center_triple_pond,
          nzn_winding_woodlands_5x15_parted], layout_basic,
          mainiacjoe_overflow_alcove_4, nicolae_uskayaw_en_pointe, temple_green,
          gammafunk_ghost_berserking_beasts

Skill      XL: |  1  2  3  4  5  6  7  8 |
---------------+-------------------------+-----
Fighting       | 1 2 3 4 5 |  5.4
Dodging        | 3 4 5 6 |  6.5
Spellcasting   | 3 4 5 |  5.5
Air Magic      | 5 6 8 |  8.5
Stealth        | |  2.1
Conjurations   | |  1.7

Action                     |  1- 3 |  4- 6 |  7- 9 || total
---------------------------+-------+-------+-------++-------
  Melee: Kick              |     1 |     2 |    35 ||    38
         Unarmed           |     1 |       |       ||     1
         Hand axe          |     5 |       |       ||     5
         Spear             |       |    11 |   110 ||   121
         Peck              |       |     1 |    26 ||    27
         Punch             |       |       |     2 ||     2
  Throw: Dart              |       |     1 |       ||     1
   Cast: Shock             |    83 |   135 |    74 ||   292
         Static Discharge  |       |     1 |     4 ||     5
    Use: Scroll            |       |     1 |     4 ||     5
         Potion            |       |       |     1 ||     1
   Stab: Sleeping          |       |     1 |     1 ||     2
 Armour: Robe              |     9 |     6 |       ||    15
         Leather armour    |       |     6 |    53 ||    59
  Dodge: Dodged            |    10 |    33 |   156 ||   199
